Map: Orbital Shipyard

Players

MetalScrotum - Winner!

  • Race: Terran Terran
  • League: Gold

neokaos

  • Race: Protoss Protoss
  • League: Gold

VOD

Have the link to the VOD?

Description

Time

  • Played on: Dec. 6, 2015, 9:13 p.m.
  • Length: 9:06
Show
View Real Time Build Order
Export as new Build Order

MetalScrotum Terran - Winner!

Build Orders: MMM Bio 

Get SALT Encoding   

  12  0:01  SCV  
  13  0:13  SCV  
  14  0:18  Supply Depot  
  14  0:25  SCV  
  15  0:31  Supply Depot  
  15  0:40  SCV  
  16  0:50  Barracks  
  16  0:53  SCV  
  17  1:05  SCV  
  18  1:13  Barracks  
  18  1:17  SCV  
  19  1:18  Refinery  
  19  1:29  SCV  
  20  1:38  Marine  
  21  1:41  Barracks  
  21  1:45  Orbital Command  
  21  2:01  Marine x2  
  23  2:14  SCV  
  24  2:22  Marine  
  25  2:23  Marine  
  26  2:33  Marine  
  26  2:34  SCV  
  28  2:45  Marine  
  29  2:51  Marine  
  29  2:53  Barracks Tech Lab  
  29  2:56  Command Center  
  29  3:00  Refinery  
  29  3:02  Supply Depot  
  29  3:03  SCV  
  30  3:11  Factory  
  30  3:15  SCV  
  30  3:16  Stimpack  
  31  3:23  Marine x3  
  34  3:28  Supply Depot  
  34  3:34  SCV  
  34  3:41  Supply Depot  
  35  3:42  Marine x2  
  35  3:48  Marauder  
  39  3:49  SCV  
  40  4:00  Starport  
  40  4:01  Factory Reactor  
  40  4:05  Barracks Tech Lab  
  40  4:11  Orbital Command  
  40  4:15  Marine  
  40  4:16  Marine  
  42  4:23  Supply Depot  
  42  4:25  SCV  
  43  4:34  Marauder  
  43  4:35  Marine  
  46  4:50  Supply Depot  
  46  4:51  SCV x2  
  48  4:55  Refinery, Medivac  
  48  4:57  Medivac  
  52  5:01  Concussive Shells  
  52  5:07  Factory Tech Lab, Supply Depot  
  52  5:09  SCV  
  52  5:13  Marine  
  54  5:16  Marauder x2  
  58  5:23  SCV  
  58  5:27  Supply Depot  
  56  5:50  SCV x2  
  56  5:53  Engineering Bay  
  58  6:02  SCV  
  59  6:05  Marine  
  59  6:06  Marauder, Marine  
  59  6:07  Medivac  
  65  6:13  Command Center  
  65  6:15  Combat Shields  
  65  6:24  Marauder  
  67  6:35  Barracks  
  67  6:36  Marine  
  62  6:56  Marine x3  
  64  7:14  Marine  
  65  7:22  Marine x2  
  65  7:23  Siege Tank  
  65  7:24  Medivac  
  70  7:31  Marine  
  64  7:40  Marine x2  
  62  7:49  Marine  
  59  7:56  Hellion  
  59  7:57  Marine  
  62  7:58  Marauder  
  61  8:07  Marine  
  61  8:16  Marauder  
  63  8:20  Marauder  
  63  8:25  Marine  
  62  8:37  Marauder  
  62  8:38  SCV x2  
  62  8:40  Marine  
  74  8:43  Marine  
Show
View Real Time Build Order
Export as new Build Order

neokaos Protoss 

Build Orders: 1 Gate Expand 

Get SALT Encoding   

  12  0:01  Probe (Chrono Boost)  
  13  0:11  Probe (Chrono Boost)  
  14  0:20  Pylon  
  14  0:22  Probe (Chrono Boost)  
  15  0:38  Probe (Chrono Boost)  
  15  0:41  Gateway  
  16  0:48  Probe (Chrono Boost)  
  17  1:09  Nexus  
  17  1:12  Probe (Chrono Boost)  
  18  1:18  Assimilator  
  18  1:25  Probe (Chrono Boost)  
  19  1:31  Cybernetics Core  
  19  1:36  Probe (Chrono Boost)  
  20  1:44  Assimilator  
  20  1:46  Probe (Chrono Boost)  
  21  1:57  Probe (Chrono Boost)  
  22  2:07  Probe (Chrono Boost)  
  23  2:09  Gateway  
  23  2:16  Warp Gate (Chrono Boost)  
  23  2:21  Probe, Adept  
  26  2:33  Probe  
  27  2:42  Gateway  
  27  2:45  Probe  
  27  2:48  Adept  
  27  2:49  Probe  
  31  2:57  Probe  
  32  2:59  Probe  
  32  3:04  Adept  
  35  3:09  Probe  
  35  3:11  Robotics Facility  
  36  3:15  Probe  
  36  3:16  Pylon  
  37  3:22  Probe  
  38  3:30  Gateway  
  38  3:39  Probe  
  39  3:43  Probe  
  40  3:51  Probe  
  41  3:58  Warp Prism  
  41  4:00  Probe  
  44  4:07  Pylon  
  44  4:09  Probe  
  45  4:10  Pylon  
  45  4:11  Probe  
  46  4:23  Probe  
  46  4:25  Mothership Core  
  49  4:34  Probe  
  49  4:36  Observer  
  51  4:43  Gateway  
  51  4:45  Gateway  
  51  4:46  Probe  
  51  4:50  Assimilator  
  52  4:53  Nexus  
  52  4:55  Assimilator  
  52  4:59  Probe  
  53  5:00  Probe  
  54  5:08  Sentry  
  56  5:23  Sentry  
  56  5:25  Sentry  
  58  5:43  Stalker  
  58  5:48  Pylon  
  60  5:54  Pylon  
  60  6:00  Probe  
  60  6:03  Probe  
  61  6:09  Stalker x3  
  61  6:10  Stalker x3, Pylon  
  74  6:15  Assimilator  
  74  6:16  Probe  
  75  6:20  Probe, Assimilator  
  75  6:21  Probe  
  77  6:27  Immortal  
  81  6:37  Probe  
  78  6:52  Stalker  
  78  6:53  Stalker x5  
  63  7:16  Stalker x5  
  63  7:17  Stalker  
  61  7:39  Stalker  
  59  7:51  Stalker x2  
  55  8:08  Stalker  
  55  8:09  Stalker x2  
  49  8:32  Stalker x4  
Tags
 
Add a new tag
Caveats
  • Supply blocks, unpowered buildings, or Contaminate may cause inaccurate times.
  • Supply counts are checked every 10 seconds.